 Dungeon Sprint DCSS version 0.29.1-12-g30fa7ad0bf (webtiles) character file.

Game seed: 4707442758790832570

578 Groucho the Geomancer (level 7, -3/32 HPs)
             Began as a Spriggan Earth Elementalist on Dec 30, 2022.
             Was a Follower of Vehumet.
             Slain by a fire elemental (13 damage)
             ... summoned by a deep elf pyromancer
             ... in the Dungeon (Sprint III: "The Ten Rune Challenge").
             The game lasted 00:05:24 (1654 turns).

Groucho the Geomancer (Spriggan Earth Elementalist) Turns: 1654, Time: 00:05:25

Health: -3/32      AC:  2    Str:  4    XL:     7   Next: 13%
Magic:  5/20       EV: 23    Int: 18    God:    Vehumet [*.....]
Gold:   33         SH:  0    Dex: 16    Spells: 14/23 levels left

rFire   . . .      SeeInvis +   n - +0 dagger
rCold   . . .      Faith    .   (no shield)
rNeg    . . .      Spirit   .   a - +0 robe
rPois   .          Reflect  .   (helmet restricted)
rElec   .          Harm     .   (no cloak)
rCorr   .          Rampage  .   (gloves unavailable)
Will    +....      NoTele   +   (boots unavailable)
Stlth   ++........              (no amulet)
HPRegen 0.10/turn               (no ring)
MPRegen 0.17/turn               (no ring)

@: very quick
A: very small, no large weapons, unfitting armour, see invisible, speed 3
a: Renounce Religion


You were in the Dungeon.
You worshipped Vehumet.
Vehumet was aware of your devotion.
You visited 1 branch You collected 33 gold pieces.

Inventory:

Hand Weapons
 n - a +0 dagger (weapon)
Missiles
 h - 7 stones
Armour
 a - a +0 robe (worn)
Scrolls
 i - 2 scrolls of immolation {unknown}
 j - a scroll of identify {unknown}
 m - a scroll of magic mapping {unknown}
Potions
 b - 3 potions of magic
 c - a potion of curing
 e - a potion of haste
 f - a potion of berserk rage
 k - 3 potions of flight
 l - 5 potions of mutation
 o - a potion of might


   Skills:
 + Level 9.4 Dodging
 - Level 3.0 Stealth
 + Level 8.7 Spellcasting
 + Level 9.1 Transmutations
 * Level 9.4 Earth Magic


You had 14 spell levels left.
You knew the following spells:

 Your Spells              Type           Power      Damage    Failure   Level
a - Sandblast             Erth           82%        2d17      1%          1
b - Stone Arrow           Conj/Erth      48%        3d10      4%          3
c - Petrify               Tmut/Erth      41%        N/A       1%          4
d - Apportation           Tloc           14%        N/A       9%          1

Your spell library contained the following spells:

 Spells                   Type           Power      Damage    Failure   Level
 Shock                    Conj/Air       28%        1d4       9%          1
 Passwall                 Tmut/Erth      34%        N/A       1%          2
 Alistair's Intoxication  Tmut/Pois      16%        N/A       36%         5


Dungeon Overview and Level Annotations

Branches:
Dungeon (1/1)

Altars:
Dithmenos
Elyvilon
Kikubaaqudgha
Okawaru
Ru
Sif Muna
Trog
Uskayaw
Vehumet
Wu Jian
Yredelemnul
Zin
The Shining One


Innate Abilities, Weirdness & Mutations

You are very small and have problems with some larger weapons.
You are too small for most types of armour.
You have supernaturally acute eyesight. (SInv)
You cover ground extremely quickly. (Speed+++)


Message History

As you read the scroll of blinking, it crumbles to dust.
The fire elemental hits you. The fire elemental burns you!
Unknown command.
Unknown command.
Casting: Petrify (dangerous; 1% risk of failure)
Confirm with . or Enter, or press ? or * to list all spells.
Aiming: Petrify (dangerous; 1% risk of failure)
Press: ? - help, Shift-Dir - straight line, f - fire elemental
Aim: a fire elemental (flame, summoned, infinite will)
The fire elemental is unaffected.
The deep elf pyromancer stops moving altogether!
The fire elemental completely misses you.
Unknown command.
Unknown command.
Unknown command.
The helpless deep elf pyromancer fails to defend itself.
You puncture the deep elf pyromancer!
The deep elf pyromancer is heavily wounded.
The fire elemental misses you. x2
The helpless deep elf pyromancer fails to defend itself.
You puncture the deep elf pyromancer!
The deep elf pyromancer is heavily wounded.
The fire elemental misses you. The fire elemental hits you.
The fire elemental burns you!
* * * LOW HITPOINT WARNING * * *
The fire elemental closely misses you. The fire elemental barely misses you.
Unknown command.
You feel much better. The fire elemental misses you.
The fire elemental completely misses you.
The helpless deep elf pyromancer fails to defend itself.
You puncture the deep elf pyromancer!
The deep elf pyromancer is severely wounded.
The fire elemental hits you. The fire elemental burns you!
The fire elemental hits you. The fire elemental burns you!
Unknown command.
The helpless deep elf pyromancer fails to defend itself.
You puncture the deep elf pyromancer!
The deep elf pyromancer is almost dead.
The fire elemental hits you. The fire elemental burns you!
You die...

▓▓▓▓▓▓▓▓▓ ▓▓▓ ▓<..#)..####
##.############
▓...#..)...#####..#___#___#__#
▓..##.......#..#..#!§.#__.#[_#
▓##.##.##..)#..#..###'#'###'##
##.##.###..##'#..#..........#
▓#.####.##..###...'.⌠........#
▓.###.†##..####...#...######+#
▓#.....##..###.@..#.⌠.#
###..##...##.eEE.#...#
##..##....#......#'###
#..###..##.#.....#[[.# #..#
#.. ####....#___# ▓▓▓▓ ▓▓▓
▓▓▓▓▓▓▓▓▓▓


You could see a deep elf pyromancer (petrified) and 2 fire elementals.

Vanquished Creatures
  A necrophage (D)
  A water elemental (D)
  A scorpion (D)
  A wizard (D)
  Jessica (D)
  A necromancer (D)
  3 humans (D)
  A kobold demonologist (D)
  An endoplasm (D)
  2 rats (D)
13 creatures vanquished.

Notes
Turn   | Place    | Note
-------+----------+-------------------------------------------
     0 | D        | Groucho the Spriggan Earth Elementalist began the quest for
                  | the Orb.
     0 | D        | Reached XP level 1. HP: 9/9 MP: 5/5
    25 | D        | Noticed Jessica
    27 | D        | Killed Jessica
    28 | D        | Reached XP level 2. HP: 13/13 MP: 2/8
   236 | D        | Reached XP level 3. HP: 16/16 MP: 7/9
   528 | D        | Noticed a scorpion
   567 | D        | Killed a scorpion
   568 | D        | Reached skill level 5 in Dodging
   568 | D        | Reached skill level 5 in Spellcasting
   568 | D        | Reached skill level 5 in Transmutations
   568 | D        | Reached skill level 5 in Earth Magic
   568 | D        | Reached XP level 4. HP: 18/21 MP: 9/12
   572 | D        | Learned a level 3 spell: Stone Arrow
   577 | D        | Learned a level 4 spell: Petrify
   618 | D        | Noticed a water elemental
   637 | D        | Killed a water elemental
   638 | D        | Reached XP level 5. HP: 24/24 MP: 9/14
   796 | D        | Found a radiant altar of Vehumet.
   799 | D        | Found a shimmering blue altar of Sif Muna.
   799 | D        | Found an ancient bone altar of Kikubaaqudgha.
   800 | D        | Noticed a ynoxinul
   955 | D        | Became a worshipper of Vehumet
   962 | D        | Learned a level 1 spell: Apportation
  1016 | D        | Found a shadowy altar of Dithmenos.
  1021 | D        | Reached XP level 6. HP: 13/28 MP: 12/17
  1260 | D        | Found a basalt altar of Yredelemnul.
  1260 | D        | Found a sacrificial altar of Ru.
  1290 | D        | Found a hide-covered altar of Uskayaw.
  1290 | D        | Found an iron altar of Okawaru.
  1291 | D        | Found a bloodstained altar of Trog.
  1291 | D        | Found an ornate altar of the Wu Jian Council.
  1291 | D        | Noticed a human
  1293 | D        | Noticed a human
  1302 | D        | Killed a human
  1302 | D        | Reached * piety under Vehumet
  1302 | D        | Offered knowledge of Shock by Vehumet.
  1334 | D        | Killed a human
  1335 | D        | Reached XP level 7. HP: 20/32 MP: 8/20
  1621 | D        | Found a glowing silver altar of Zin.
  1624 | D        | Found a glowing golden altar of the Shining One.
  1626 | D        | Found a white marble altar of Elyvilon.
  1627 | D        | Noticed a deep elf pyromancer
  1645 | D        | Noticed a fire elemental
  1646 | D        | Noticed a fire elemental
  1654 | D        | Slain by a fire elemental

Illustrated notes

Levels and vault maps discovered:
D:        dungeon_sprint_mu [sprint_mu_entry_cave, sprint_mu_temple_rooms,
          sprint_mu_d1_horrors, sprint_mu_d2_genie, sprint_mu_d3_branching,
          sprint_mu_orc_legion, sprint_mu_elf_gauntlet, sprint_mu_hive_nellie,
          sprint_mu_lair_fedhas, sprint_mu_vaults_butterflies,
          sprint_mu_slime_circle, sprint_mu_shoals_archi,
          sprint_mu_snake_twists, sprint_mu_blade_basic,
          sprint_mu_crypt_chambers, sprint_mu_tomb_spiral,
          sprint_mu_vestibule_basic, sprint_mu_gehenna_hellfire,
          sprint_mu_dis_giant, sprint_mu_tartarus_statrot,
          sprint_mu_cocytus_islands, sprint_mu_zot1]

Skill      XL: |  1  2  3  4  5  6 |
---------------+-------------------+-----
Dodging        | 4 5 6 7 9 |  9.4
Spellcasting   | 4 5 6 7 8 |  8.7
Transmutations | 3 5 6 7 9 |  9.1
Earth Magic    | 4 5 6 7 9 |  9.4
Stealth        | |  3.0

Action                   |  1- 3 |  4- 6 |  7- 9 || total
-------------------------+-------+-------+-------++-------
Melee: Dagger            |       |    10 |     4 ||    14
 Cast: Sandblast         |    15 |    20 |     2 ||    37
       Petrify           |       |     1 |     4 ||     5
       Stone Arrow       |       |     1 |       ||     1
  Use: Scroll            |       |       |     1 ||     1
       Potion            |       |       |     1 ||     1
 Stab: Petrified         |       |     8 |     4 ||    12
Armor: Robe              |       |       |     4 ||     4
Dodge: Dodged            |     2 |     8 |    10 ||    20
